 Dungeon Crawl Stone Soup version 0.26-a0-18-g135ff06667 (webtiles) character file.

Game seed: 4820706833588310716, levelgen mode: deterministic

212 Mrkan the Covered (level 5, 0/33 HPs)
             Began as a Gargoyle Fighter on May 25, 2020.
             Slain by Blork the orc
             ... wielding a +0 halberd
              (5 damage)
             ... on level 4 of the Dungeon.
             The game lasted 00:04:25 (3625 turns).

Mrkan the Covered (Gargoyle Fighter)                Turns: 3625, Time: 00:04:27

Health: 0/33       AC: 12    Str: 20    XL:     5   Next: 89%
Magic:  5/5        EV:  5    Int:  8    God:
Gold:   172        SH: 12    Dex: 10    Spells: 4/4 levels left

rFire    . . .     SeeInvis .   a - +0 flail
rCold    . . .     Gourm    .   o - -2 tower shield (curse)
rNeg     + . .     Faith    .   b - +0 scale mail
rPois    ∞         Spirit   .   g - +0 helmet
rElec    +         Reflect  .   (no cloak)
rCorr    .         Harm     .   (no gloves)
MR       .....                  (no boots)
Stlth    ..........             (no amulet)
HPRegen  0.11/turn              (no ring)
MPRegen  0.09/turn              (no ring)

@: mighty
A: negative energy resistance 1, electricity resistance, unbreathing,
petrification resistance, rot immunity, AC +4
a: no special abilities


You were on level 4 of the Dungeon.
You were hungry.

You visited 1 branch of the dungeon, and saw 4 of its levels.

You collected 172 gold pieces.

Inventory:

Hand Weapons
 a - a +0 flail (weapon)
Armour
 b - a +0 scale mail (worn)
 c - a +0 kite shield
 g - a +0 helmet (worn)
 o - a cursed -2 tower shield (worn)
Jewellery
 r - an uncursed amulet of faith {unknown}
 s - a +4 ring of slaying {unknown}
Scrolls
 e - a scroll of fear {unknown}
 m - 3 scrolls of identify {unknown}
 n - 2 scrolls of remove curse {unknown}
 q - a scroll of teleportation {unknown}
 t - a scroll of enchant weapon {unknown}
 v - a scroll of magic mapping {unknown}
 w - a scroll of enchant armour {unknown}
Potions
 d - a potion of might
 h - a potion of curing {unknown}
 i - a potion of magic {unknown}
 j - 2 potions of flight {unknown}
 k - a potion of resistance {unknown}
 l - 4 potions of mutation {unknown}
 p - a potion of stabbing {unknown}
 x - 2 potions of lignification {unknown}
Comestibles
 f - 10 rations
 u - 2 chunks of flesh


   Skills:
 + Level 4.2 Fighting
 * Level 4.0 Maces & Flails
 + Level 4.3 Armour
 + Level 4.2 Shields


You had 4 spell levels left.
You didn't know any spells.
Your spell library was empty.

Dungeon Overview and Level Annotations

Branches:
Dungeon (4/15)
 Temple: D:4-7

Altars:

Annotations:
D:4 Blork the orc


Innate Abilities, Weirdness & Mutations

You are resistant to torment.
Your stone body is resilient. (AC +4)
You are immune to poison.
You resist negative energy. (rN+)
You are resistant to electric shocks. (rElec)
You can survive without breathing.
You are immune to petrification.
You are immune to rotting.


Message History

Blork the orc casts a cantrip, but nothing happens.
You block the quokka's attack.
Blork the orc hits you but does no damage.
The quokka bites you.
Sorry, you're not good enough to have a special ability.
You feel very mighty all of a sudden.
Blork the orc hits you with a +0 halberd.
* * * LOW HITPOINT WARNING * * *
The quokka completely misses you.
You sock Blork the orc!
Blork the orc is severely wounded.
Blork the orc hits you but does no damage.
The quokka barely misses you. You block Blork the orc's attack.
You hit Blork the orc.
Blork the orc is almost dead.
Blork the orc mumbles some strange words.
Blork the orc flickers and vanishes!
Deactivating autopickup; reactivate with Ctrl-A.
You block the quokka's attack. Something hits you.
You die...

# #. #.# #..
#...###########
..#...#..........
.....){.r........
#@#......r#
#..<..%...#
#########.#


You could see a quokka.

Vanquished Creatures
  An orc wizard (D:3)
  Terence (D:2)
  9 adders
  2 worms (D:2)
  3 dart slugs
  2 leopard geckos (D:2)
  5 orcs (D:3)
  2 bats
  3 giant cockroaches
  8 hobgoblins
  8 kobolds
  A quokka (D:3)
  2 ball pythons
  4 frilled lizards
  9 goblins
  6 rats
66 creatures vanquished.

Notes
Turn   | Place    | Note
-------+----------+-------------------------------------------
     0 | D:1      | Mrkan the Gargoyle Fighter began the quest for the Orb.
     0 | D:1      | Reached XP level 1. HP: 14/14 MP: 1/1
   173 | D:1      | Reached XP level 2. HP: 7/19 MP: 2/2
   949 | D:2      | Reached XP level 3. HP: 17/23 MP: 3/3
  1201 | D:2      | Reached XP level 4. HP: 10/29 MP: 4/4
  1760 | D:2      | Noticed Terence
  1777 | D:2      | Killed Terence
  1862 | D:2      | Reached XP level 5. HP: 30/33 MP: 5/5
  3610 | D:4      | Noticed Blork the orc
  3625 | D:4      | Slain by Blork the orc

Illustrated notes

Levels and vault maps discovered:
D:1:      ebering_hopf_link, layout_basic, minmay_distorted
D:2:      layout_basic, minmay_tall_x, uniq_terence
D:3:      layout_loops_ring, first_ration, guppyfry_early_lair_pool
D:4:      layout_basic, uniq_blork_the_orc, uniq_sigmund, uniq_menkaure

Skill      XL: |  1  2  3  4  5 |
---------------+----------------+-----
Maces & Flails | 3 4 |  4.0
Armour         | 4 |  4.3
Fighting       | 4 |  4.2
Shields        | 4 |  4.2

Action                   |  1- 3 |  4- 6 || total
-------------------------+-------+-------++-------
Melee: Flail             |   163 |   222 ||   385
  Use: Potion            |       |     1 ||     1
  Eat: Chunk             |     1 |     8 ||     9
Armor: Scale mail        |   108 |   121 ||   229
Dodge: Dodged            |    58 |    70 ||   128
Block: Kite shield       |   107 |    66 ||   173
       Tower shield      |       |    95 ||    95

Table legend:
 A = Non-vault XP
 B = Vault XP
 C = Vault XP percentage of total XP
 D = Non-vault monster count
 E = Vault monster count
 F = Vault count percentage of total count
                 A         B        C        D         E       F
            +---------+---------+-------+---------+---------+-------
      Total |     258 |      45 |  14.9 |      59 |       7 |  10.6
            +---------+---------+-------+---------+---------+-------
        D:1 |      28 |       4 |  12.5 |      16 |       2 |  11.1
        D:2 |     147 |      41 |  21.8 |      26 |       5 |  16.1
        D:3 |      83 |       0 |   0.0 |      17 |       0 |   0.0
            +---------+---------+-------+---------+---------+-------
